Map: [ESL] Hard Lead

Players

Bunny

  • Race: Terran Terran
  • League: Bronze
  • Spawn Location: 11:00

HeroMarine - Winner!

  • Race: Terran Terran
  • Spawn Location: 5:00

Event: IEM Katowice 2024

VOD

Have the link to the VOD?

Description

Time

  • Played on: Dec. 8, 2023, 12:10 p.m.
  • Length: 5:35

All games in this series

Show
View Real Time Build Order
Export as new Build Order

Bunny Terran 

Build Orders: Gas First Reaper Expand 

Get SALT Encoding   

  12  0:00  SCV  
  13  0:13  SCV  
  14  0:17  Supply Depot  
  14  0:25  SCV  
  14  0:28  Refinery  
  15  0:38  SCV  
  16  0:44  Barracks  
  16  0:51  SCV  
  17  1:03  SCV  
  18  1:15  SCV  
  19  1:31  Orbital Command, Reaper  
  20  1:41  Command Center  
  20  1:51  Factory  
  20  1:56  SCV  
  21  2:03  Supply Depot  
  21  2:05  Barracks Reactor  
  22  2:08  SCV  
  22  2:13  Refinery  
  22  2:20  SCV  
  23  2:32  SCV  
  24  2:41  Starport  
  24  2:44  SCV  
  24  2:45  Hellion  
  24  2:46  Hellion  
  29  2:54  Orbital Command  
  29  2:57  SCV  
  27  3:06  Cyclone  
  27  3:10  Cyclone  
  27  3:12  SCV  
  32  3:20  SCV  
  32  3:24  SCV  
  33  3:27  Medivac  
  33  3:32  SCV  
  36  3:34  Refinery  
  36  3:36  SCV  
  36  3:38  Cyclone  
  39  3:46  Cyclone, Supply Depot  
  39  3:47  SCV  
  42  3:50  SCV  
  43  4:01  Starport Tech Lab  
  43  4:02  SCV x2  
  45  4:13  Command Center  
  45  4:17  SCV x2  
  45  4:21  Raven  
  49  4:25  Cyclone  
  49  4:32  Cyclone  
  49  4:35  SCV  
  50  4:49  SCV x2  
  48  4:55  Raven  
  50  5:01  SCV x2  
  54  5:08  Supply Depot  
  54  5:17  SCV x2  
  54  5:18  Barracks Tech Lab  
  54  5:26  Barracks x2  
Show
View Real Time Build Order
Export as new Build Order

HeroMarine Terran - Winner!

Build Orders: Cyclone Opening 

Get SALT Encoding   

  12  0:00  SCV  
  13  0:12  SCV  
  14  0:17  Supply Depot  
  14  0:24  SCV  
  15  0:38  SCV  
  15  0:39  Barracks  
  16  0:43  Refinery  
  16  0:50  SCV  
  16  0:54  Refinery  
  17  1:03  SCV  
  18  1:15  SCV  
  19  1:27  Orbital Command, Reaper  
  19  1:31  Supply Depot  
  20  1:43  Factory  
  20  1:52  SCV  
  21  1:59  Reaper  
  22  2:05  SCV  
  23  2:17  SCV  
  23  2:22  Command Center  
  24  2:28  Cyclone  
  24  2:29  SCV  
  27  2:39  Barracks Reactor  
  27  2:41  SCV  
  28  2:49  Supply Depot  
  28  2:51  Starport  
  28  2:53  SCV  
  29  3:03  Cyclone  
  31  3:10  SCV  
  32  3:16  Marine x2  
  34  3:23  SCV  
  34  3:27  Medivac  
  37  3:33  Orbital Command  
  37  3:35  SCV, Refinery  
  38  3:45  Cyclone x2  
  38  3:47  SCV  
  43  3:50  Supply Depot  
  43  3:57  Starport Tech Lab  
  43  3:59  SCV  
  43  4:00  SCV  
  45  4:11  SCV  
  45  4:12  SCV  
  47  4:17  Cyclone x2  
  47  4:20  Raven  
  47  4:23  SCV  
  54  4:24  SCV  
  55  4:35  Interference Matrix, SCV  
  55  4:36  SCV  
  57  4:40  Command Center  
  56  4:53  SCV x2  
  56  4:54  Raven, Cyclone  
  56  4:59  Cyclone  
  62  5:06  Supply Depot  
  62  5:07  Barracks Tech Lab  
  62  5:08  Supply Depot  
  62  5:13  SCV  
  62  5:14  Barracks  
  62  5:16  Barracks  

Tags
 
Add a new tag
Caveats
  • Supply blocks, unpowered buildings, or Contaminate may cause inaccurate times.
  • Supply counts are checked every 10 seconds.